 Dungeon Crawl Stone Soup version 0.29.0-4-gdea44cf6ec (webtiles) character file.

Game seed: 7934421236745538927

83 qw the Chopper (level 4, -1/35 HPs)
             Began as a Demonspawn Cinder Acolyte on Sept 9, 2022.
             Was a High Priest of Ignis.
             Succumbed to a water moccasin's poison
             ... on level 4 of the Dungeon.
             The game lasted 00:00:54 (3485 turns).

qw the Chopper (Demonspawn Cinder Acolyte)          Turns: 3485, Time: 00:00:55

Health: -1/35      AC: 18    Str: 17    XL:     4   Next: 22%
Magic:  5/5        EV:  6    Int: 15    God:    Ignis [*****.]
Gold:   165        SH:  0    Dex:  8    Spells: 5/5 levels left

rFire   + + .      SeeInvis .   Y - -1 hand axe (flame)
rCold   + . .      Faith    .   (no shield)
rNeg    . . .      Spirit   .   d - +0 chain mail
rPois   +          Reflect  .   (no helmet)
rElec   +          Harm     .   (no cloak)
rCorr   +          Rampage  .   (no gloves)
Will    .....                   e - +0 pair of boots
Stlth   ..........              (no amulet)
HPRegen 0.11/turn               (no ring)
MPRegen 0.09/turn               (no ring)

@: lethally poisoned (-1 -> -10), resistant, fiery-armoured
A: claws 1, yellow scales 1, demonic magic 1
a: Renounce Religion, Fiery Armour, Foxfire Swarm, Rising Flame


You were on level 4 of the Dungeon.
You worshipped Ignis.
Ignis was extremely pleased with you.
You visited 1 branch of the dungeon, and saw 4 of its levels.

You collected 165 gold pieces.


Innate Abilities, Weirdness & Mutations

You have sharp fingernails.
You are partially covered in yellow scales. (AC +2)
Spells you cast may paralyse adjacent enemies.


   Skills:
 - Level 3.0 Fighting
 - Level 4.6 Axes
 + Level 0.0 Armour
 - Level 1.0 Spellcasting
 - Level 2.6 Fire Magic


You had 5 spell levels left.
You didn't know any spells.
Your spell library contained the following spells:

 Spells                   Type           Power      Damage    Failure   Level
 Scorch                   Fire           16%        2d5       92%         2

Inventory:

Hand Weapons
 Y - a -1 hand axe of flaming (weapon)
Armour
 d - a +0 chain mail (worn)
 e - a +0 pair of boots (worn)
Scrolls
 i - a scroll of identify
Potions
 b - 2 potions of curing
 c - a potion of flight {unknown}
 f - a potion of heal wounds {unknown}
 g - a potion of might
 j - a potion of attraction {unknown}
 k - a potion of resistance

Dungeon Overview and Level Annotations

Branches:
Dungeon (4/15)
 Temple: D:4-7

Altars:
Lugonu

Portals:
Abyss: D:3


Message History

Existing waypoints: (1) D:2 (2) D:3 Assign waypoint to what number? (0-9, D - delete waypoint) Waypoint 1 re-assigned from D:2 to D:4.
You closely miss the water moccasin. The water moccasin bites you.
You miss the water moccasin. The water moccasin bites you.
You are poisoned.
The water moccasin poisons you!
The water moccasin bites you but does no damage.
You hit the water moccasin. You burn the water moccasin.
The water moccasin is lightly wounded.
You feel very sick.
The water moccasin bites you but does no damage.
You closely miss the water moccasin.
The water moccasin is lightly wounded.
You feel sick. The water moccasin closely misses you.
You barely miss the water moccasin.
The water moccasin is lightly wounded.
You feel sick. The water moccasin bites you.
You are more poisoned.
The water moccasin poisons you! The water moccasin closely misses you.
You barely miss the water moccasin.
The water moccasin is lightly wounded.
You feel very sick. The water moccasin bites you.
You hit the water moccasin but do no damage.
The water moccasin is lightly wounded.
You feel very sick.
The water moccasin bites you but does no damage.
The water moccasin bites you!
3484 ||| INVOKING Fiery Armour.
A protective cloak of flame settles atop you.
You feel sick. The water moccasin bites you.
The water moccasin is burned by your cloak of flames.
The water moccasin is lightly wounded.
You barely miss the water moccasin.
The water moccasin is lightly wounded.
You die...

## ..
####.
....
#..#
#..#
#@.#
#.S#
#..#
#..#
#..#
#..#
....
..##


You could see a water moccasin.

Vanquished Creatures
  4 adders
  A worm (D:2)
  A dart slug (D:1)
  5 ball pythons
  8 bats
  2 endoplasms
  3 giant cockroaches
  5 goblins
  2 hobgoblins
  5 kobolds
  A quokka (D:2)
  3 frilled lizards
  A rat (D:2)
41 creatures vanquished.

Vanquished Creatures (others)
  A lurking horror (D:3)
1 creature vanquished.

Grand Total: 42 creatures vanquished

Notes
Turn   | Place    | Note
-------+----------+-------------------------------------------
     0 | D:1      | qw the Demonspawn Cinder Acolyte began the quest for the
                  | Orb.
     0 | D:1      | Reached XP level 1. HP: 18/18 MP: 2/2
     0 | D:1      | 0 ||| qw: Version: 0.1-a-112-g44dc6cd
     0 | D:1      | 0 ||| qw: Game counter: 6884
     0 | D:1      | 0 ||| qw: Always use a shield: true
     0 | D:1      | 0 ||| qw: God list: Okawaru
     0 | D:1      | 0 ||| qw: Allow faded altars: false
     0 | D:1      | 0 ||| qw: Do Orc after D:15 true
     0 | D:1      | 0 ||| qw: Do second Lair branch before Depths: true
     0 | D:1      | 0 ||| qw: Lair rune preference: random
     0 | D:1      | 0 ||| qw: Plans: Normal
     0 | D:1      | 0 ||| PLANNING D:1-11
   239 | D:1      | 239 ||| Stepping ~*~*~tactically~*~*~ (hiding).
   240 | D:1      | 240 ||| Stepping ~*~*~tactically~*~*~ (hiding).
   257 | D:1      | Reached skill level 3 in Axes
   669 | D:1      | 669 ||| UPGRADING to +0 ring mail.
   679 | D:1      | 679 ||| DROPPING +0 robe.
   680 | D:1      | 680 ||| READING scroll labelled XYULOAGGO UNON.
   681 | D:1      | 681 ||| READING scroll labelled TUSUQIXTIZ.
   682 | D:1      | 682 ||| READING scroll labelled EKHLELA QUFEOSY.
   683 | D:1      | 683 ||| READING scroll labelled VELUNO ATHRIFAI.
   688 | D:1      | 688 ||| READING scroll labelled UBBAMA XISYRUI.
   747 | D:2      | Gained mutation: You are partially covered in yellow
                  | scales. (AC +2) [demonic ancestry]
   747 | D:2      | Reached XP level 2. HP: 16/24 MP: 3/3
  1101 | D:2      | 1101 ||| Stepping ~*~*~tactically~*~*~ (stealth).
  1102 | D:2      | 1102 ||| FLEEEEING.
  1109 | D:2      | 1109 ||| INVOKING Fiery Armour.
  1244 | D:2      | 1244 ||| Stepping ~*~*~tactically~*~*~ (stealth).
  1260 | D:2      | 1260 ||| Stepping ~*~*~tactically~*~*~ (stealth).
  1265 | D:2      | Gained mutation: Spells you cast may paralyse adjacent
                  | enemies. [demonic ancestry]
  1265 | D:2      | Reached XP level 3. HP: 26/29 MP: 4/4
  1314 | D:2      | Reached skill level 4 in Axes
  1482 | D:2      | Found a faded altar of an unknown god.
  1502 | D:2      | 1502 ||| Stepping ~*~*~tactically~*~*~ (stealth).
  2347 | D:2      | 2347 ||| READING 2 scrolls labelled SONNUE FIUMP.
  2348 | D:2      | 2348 ||| READING 2 scrolls labelled BUBLINKI TAQYP.
  2349 | D:2      | 2349 ||| READING scroll labelled MUSIMO YTEHIAB.
  2350 | D:2      | 2350 ||| DRINKING 2 sapphire potions.
  2351 | D:2      | 2351 ||| DRINKING 2 bubbling silvery potions.
  2367 | D:2      | 2367 ||| DRINKING 2 lumpy grey potions.
  2472 | D:2      | 2472 ||| DRINKING 2 golden potions.
  2473 | D:2      | 2473 ||| DROPPING potion of lignification.
  2474 | D:2      | 2474 ||| DROPPING scroll of amnesia.
  2475 | D:2      | 2475 ||| DROPPING potion of berserk rage.
  2589 | D:3      | Found a one-way gate to the infinite horrors of the Abyss.
  2592 | D:3      | Found a corrupted altar of Lugonu.
  2746 | D:3      | 2746 ||| Stepping ~*~*~tactically~*~*~ (hiding).
  2754 | D:3      | 2754 ||| INVOKING Fiery Armour.
  2755 | D:3      | HP: 5/29 [kobold/bolt of acid (6)]
  2756 | D:3      | 2756 ||| READING 2 scrolls of teleportation.
  2761 | D:3      | 2761 ||| READING scroll of teleportation.
  2762 | D:3      | HP: 5/29 [adder (1)]
  2763 | D:3      | Gained mutation: You have sharp fingernails. [demonic
                  | ancestry]
  2763 | D:3      | Reached XP level 4. HP: 6/35 MP: 5/5
  3372 | D:3      | 3372 ||| Stepping ~*~*~tactically~*~*~ (stealth).
  3410 | D:3      | 3410 ||| Stepping ~*~*~tactically~*~*~ (stealth).
  3440 | D:3      | 3440 ||| UPGRADING to +0 chain mail.
  3450 | D:3      | 3450 ||| UPGRADING to +0 pair of boots.
  3455 | D:3      | 3455 ||| DROPPING +0 ring mail.
  3456 | D:3      | 3456 ||| DRINKING 2 smoky grey potions.
  3457 | D:3      | 3457 ||| READING 2 scrolls of identify.
  3457 | D:3      | 3457 ||| IDENTIFYING fuming golden potion
  3458 | D:3      | 3458 ||| DROPPING potion of brilliance.
  3476 | D:4      | Noticed a water moccasin
  3483 | D:4      | HP: 8/35 [water moccasin (7)]
  3484 | D:4      | 3484 ||| INVOKING Fiery Armour.
  3484 | D:4      | HP: 2/35 [water moccasin (4)]
  3485 | D:4      | Succumbed to a water moccasin's poison

Levels and vault maps discovered:
D:1:      minmay_arrival_stone_box, layout_loops_ring, st_stairs_6,
          minivault_23, minmay_misc_feat_diagonals
D:2:      layout_basic, serial_curves, eino_curves_01, eino_curves_04,
          chequers_ecumenical_altar_simple, minmay_hedge_maze
D:3:      layout_basic, amcnicky_altar_lugonu_corruption
D:4:      layout_loops_ring, uniq_duvessa

Skill      XL: |  1  2  3 |
---------------+----------+-----
Axes           | 3 4 |  4.6
Fighting       | |  3.0
Spellcasting   | |  1.0
Fire Magic     | |  2.6

Action                   |  1- 3 |  4- 6 || total
-------------------------+-------+-------++-------
Melee: Hand axe          |   146 |    18 ||   164
Invok: Fiery Armour      |     2 |     1 ||     3
  Use: Scroll            |    10 |     1 ||    11
       Potion            |     4 |     1 ||     5
Armor: Robe              |     4 |       ||     4
       Ring mail         |    73 |     1 ||    74
       Chain mail        |       |     3 ||     3
Dodge: Dodged            |    73 |     5 ||    78

Table legend:
 A = Non-vault XP
 B = Vault XP
 C = Vault XP percentage of total XP
 D = Non-vault monster count
 E = Vault monster count
 F = Vault count percentage of total count
                 A         B        C        D         E       F
            +---------+---------+-------+---------+---------+-------
      Total |     119 |       0 |   0.0 |      41 |       0 |   0.0
            +---------+---------+-------+---------+---------+-------
        D:1 |       9 |       0 |   0.0 |       4 |       0 |   0.0
        D:2 |      71 |       0 |   0.0 |      26 |       0 |   0.0
        D:3 |      39 |       0 |   0.0 |      11 |       0 |   0.0
            +---------+---------+-------+---------+---------+-------
